 Dungeon Crawl Stone Soup version 0.27-a0-1342-ga99462a43c (webtiles) character file.

Game seed: 1045627700344064421

14 Gargoyl the Skirmisher (level 2, -1/29 HPs)
             Began as a Gnoll Abyssal Knight on June 27, 2021.
             Was a Follower of Lugonu.
             Slain by a worm (7 damage)
             ... on level 2 of the Dungeon.
             The game lasted 00:00:32 (295 turns).

Gargoyl the Skirmisher (Gnoll Abyssal Knight)        Turns: 295, Time: 00:00:33

Health: -1/29      AC:  3    Str: 11    XL:     2   Next: 45%
Magic:  5/5        EV: 12    Int: 11    God:    Lugonu [*.....]
Gold:   40         SH:  0    Dex: 17    Spells: 1/1 levels left

rFire    . . .     SeeInvis .   a - +1 hand axe
rCold    . . .     Faith    .   (no shield)
rNeg     . . .     Spirit   .   b - +0 leather armour
rPois    .         Reflect  .   (no helmet)
rElec    .         Harm     .   (no cloak)
rCorr    .         Rampage  .   (no gloves)
Will     .....                  (no boots)
Stlth    +.........             (no amulet)
HPRegen  0.09/turn              c - +6 ring of dexterity
MPRegen  0.09/turn              (no ring)

@: lethally poisoned (-1 -> -4)
A: fangs 1, strong nose, distributed training
a: Renounce Religion, Depart the Abyss


You were on level 2 of the Dungeon.
You worshipped Lugonu.
Lugonu was aware of your devotion.
You visited 1 branch of the dungeon, and saw 2 of its levels.
You visited the Abyss 1 time.

You collected 40 gold pieces.

Inventory:

Hand Weapons
 a - a +1 hand axe (weapon)
Armour
 b - a +0 leather armour (worn)
Jewellery
 c - a +6 ring of dexterity (left hand)


   Skills:
 + Level 6.5 Fighting
 + Level 0.4 Short Blades
 + Level 0.4 Long Blades
 + Level 4.5 Axes
 + Level 0.4 Maces & Flails
 + Level 0.4 Polearms
 + Level 0.4 Staves
 + Level 0.4 Slings
 + Level 0.4 Bows
 + Level 0.4 Crossbows
 + Level 0.4 Throwing
 + Level 4.5 Armour
 + Level 2.5 Dodging
 + Level 0.4 Stealth
 + Level 0.4 Shields
 + Level 0.4 Unarmed Combat
 + Level 0.4 Spellcasting
 + Level 0.2 Conjurations
 + Level 0.2 Hexes
 + Level 0.2 Summonings
 + Level 0.2 Necromancy
 + Level 0.2 Translocations
 + Level 0.2 Transmutations
 + Level 0.2 Fire Magic
 + Level 0.2 Ice Magic
 + Level 0.2 Air Magic
 + Level 0.2 Earth Magic
 + Level 0.2 Poison Magic
 + Level 4.5 Invocations
 + Level 0.4 Evocations


You had one spell level left.
You didn't know any spells.
Your spell library was empty.

Dungeon Overview and Level Annotations

Branches:
Dungeon (1/15)

Altars:


Innate Abilities, Weirdness & Mutations

You have very sharp teeth.
Your uncanny sense of smell can sniff out nearby items.
Your experience applies equally to all skills.


Message History

The adder hisses angrily.
Found four items.
A worm comes into view.
You hit the adder.
The adder is moderately wounded.
The adder bites you.
You are poisoned.
The adder poisons you!
Unknown command.
You barely miss the adder. Your bite misses the adder.
The adder is moderately wounded.
You feel sick. The adder misses you. The adder barely misses you.
You barely miss the adder.
The adder is moderately wounded.
You feel sick. The adder bites you.
Unknown command.
You closely miss the adder. You bite the adder, but do no damage.
The adder is moderately wounded.
You feel sick. The adder bites you.
You are more poisoned.
The adder poisons you!
Unknown command.
You hit the adder.
The adder is heavily wounded.
You feel very sick. The adder closely misses you. The adder misses you.
You slash the adder!
You kill the adder!
Lugonu accepts your kill.
You can now depart the Abyss.
You feel sick.
You have reached level 2!
Unknown command.
You feel sick.
Things that are here:
10 gold pieces; an adder corpse It was a potion of magic.
Magic courses through your body.
You feel sick.
You hit the worm.
The worm is moderately wounded.
You feel sick. The worm bites you!
You die...

# ## #. ..
.#$
..#####+####
#..........
#..........
#..@w..?...
#..........
#....?.....
#!.........
#..........
#..........
###########


You could see a worm.

Vanquished Creatures
  An adder (D:2)
  An endoplasm (D:1)
  2 quokkas (D:1)
  A goblin (D:1)
  A rat (D:1)
6 creatures vanquished.

Notes
Turn   | Place    | Note
-------+----------+-------------------------------------------
     0 | Abyss:1  | Gargoyl the Gnoll Abyssal Knight began the quest for the
                  | Orb.
     0 | Abyss:1  | Reached XP level 1. HP: 23/23 MP: 3/3
    22 | Abyss:2  | Found a bloodstained altar of Trog.
    38 | D:1      | Escaped the Abyss
   285 | D:1      | You fall into a shaft and drop 1 floor!
   292 | D:2      | Reached * piety under Lugonu
   293 | D:2      | Reached XP level 2. HP: 9/29 MP: 5/5
   295 | D:2      | Slain by a worm

Illustrated notes

Levels and vault maps discovered:
D:1:      shiori_arrival_oz, layout_basic, serial_shops, shop,
          serial_co_window_serial, co_window_corner_a, co_window_paths_a,
          co_window_paths_b, co_window_paths_b, co_window_paths_b,
          co_window_broadway_c, co_window_paths_c, co_window_broadway_c,
          co_window_corner_b, co_window_corner_b, glass_columns_b
D:2:      layout_basic, uniq_sigmund

Action                   || total
-------------------------++-------
Melee: Hand axe          ||    16
       Bite              ||     1
Invok: Depart the Abyss  ||     1
  Use: Scroll            ||     1
       Potion            ||     1
 Stab: Sleeping          ||     1
Armor: Leather armour    ||     1
Dodge: Dodged            ||     9

Table legend: (Time is in decaauts)
 A = Elapsed time spent in this place.
 B = Non-inter-level travel time spent in this place.
 C = Inter-level travel time spent in this place.
 D = Time resting spent in this place.
 E = Time spent auto-exploring this place.
 F = Levels seen in this place.
 G = Mean time per level.
                   A        B        C        D        E       F      G
               +--------+--------+--------+--------+--------+-----+--------+
         Total |    295 |    295 |      0 |      0 |    226 |   4 |   73.8 |
       Dungeon |    257 |    257 |      0 |      0 |    211 |   2 |  128.5 |
         Abyss |     37 |     37 |      0 |      0 |     15 |   2 |   18.5 |
               +--------+--------+--------+--------+--------+-----+--------+

Top non-repeatable levels by time:
     D:1: 247 daAuts
 Abyss:1: 20 daAuts
 Abyss:2: 16 daAuts
     D:2: 10 daAuts
